 Dungeon Crawl Stone Soup version 0.26.1-2-gb8aa6d0 (webtiles) character file.

Game seed: 2380090486079676416

140 AmazingTV the Shield-Bearer (level 5, -5/47 HPs)
             Began as a Minotaur Fighter on June 30, 2021.
             Was an Initiate of Okawaru.
             Slain by an ogre
             ... wielding a +0 giant club
              (16 damage)
             ... on level 3 of the Dungeon.
             The game lasted 00:05:51 (2446 turns).

AmazingTV the Shield-Bearer (Minotaur Fighter)      Turns: 2446, Time: 00:05:52

Health: -5/47      AC: 10    Str: 21    XL:     5   Next: 2%
Magic:  4/4        EV:  8    Int:  5    God:    Okawaru [......]
Gold:   148        SH:  9    Dex: 10    Spells: 4/4 levels left

rFire    . . .     SeeInvis .   a - +0 long sword
rCold    . . .     Faith    .   c - +0 kite shield
rNeg     . . .     Spirit   .   b - +0 scale mail
rPois    .         Reflect  .   r - +2 hat
rElec    .         Harm     .   w - +0 cloak
rCorr    .         Rampage  .   (no gloves)
Will     .....                  (no boots)
Stlth    ..........             (no amulet)
HPRegen  0.15/turn              t - ring of attention (curse)
MPRegen  0.09/turn              (no ring)

@: lethally poisoned (-5 -> -15)
A: retaliatory headbutt, horns 2
a: Renounce Religion


You were on level 3 of the Dungeon.
You worshipped Okawaru.
Okawaru was noncommittal.
You visited 1 branch of the dungeon, and saw 4 of its levels.

You collected 148 gold pieces.

Inventory:

Hand Weapons
 a - a +0 long sword (weapon)
 s - a +0 rapier
Missiles
 n - 27 poisoned darts (quivered)
 q - 7 datura-tipped darts
Armour
 b - a +0 scale mail (worn)
 c - a +0 kite shield (worn)
 r - a +2 hat (worn)
 w - a +0 cloak (worn)
Jewellery
 t - a cursed ring of attention (left hand)
Wands
 p - a wand of acid (7)
Scrolls
 e - a scroll of noise {unknown}
 f - 4 scrolls of remove curse {unknown}
 h - a scroll of fog {unknown}
 i - 3 scrolls of teleportation {unknown}
 m - 2 scrolls of identify {unknown}
 u - a scroll of immolation {unknown}
 v - a scroll of magic mapping {unknown}
 x - a scroll of fear {unknown}
Potions
 d - a potion of might
 g - 2 potions of curing {unknown}
 j - 4 potions of degeneration {unknown}
 k - a potion of resistance {unknown}
 l - a potion of heal wounds {unknown}
 o - a potion of flight {unknown}


   Skills:
 + Level 4.4 Fighting
 + Level 3.5 Long Blades
 + Level 4.4 Armour
 + Level 2.1 Dodging
 + Level 4.4 Shields


You had 4 spell levels left.
You didn't know any spells.
Your spell library was empty.

Dungeon Overview and Level Annotations

Branches:
Dungeon (4/15)
 Temple: D:4-7

Altars:
Cheibriados
Okawaru
Uskayaw


Innate Abilities, Weirdness & Mutations

You reflexively headbutt those who attack you in melee.
You have a pair of horns on your head.


Message History

The worker ant is moderately wounded.
You feel sick. The ogre barely misses you. The worker ant bites you.
You are more poisoned.
The worker ant poisons you!
Unknown command.
You hit the worker ant but do no damage.
Your headbutt misses the worker ant.
The worker ant is moderately wounded.
You feel sick.
The worker ant bites you but does no damage.
The ogre hits you with a +0 giant club!!
* * * LOW HITPOINT WARNING * * *
The worker ant barely misses you. You furiously retaliate!
You headbutt the worker ant, but do no damage.
Okay, then.
You barely miss the ogre.
The ogre is severely wounded.
* * * LOW HITPOINT WARNING * * *
You feel sick. The ogre hits you with a +0 giant club!
You die...

......##.#+#..#.....#####
#...
......##............######
#...
..(...##............##...#
####
########<....#......##...#
##...##.....)##...#
#....#......##...#
#....#......##...#
#....#...O..##...#### ###
####....#..@...........# #..
#..........B#..........# #.#
#...........#..........###.#
#..........(+..........'...#
#..........##..........###..
#.....(....##..........# #.#
#..........###############.#
#..........# #....#
#..........# #.####


You could see an ogre and a worker ant.

Vanquished Creatures
  Crazy Yiuf (D:3)
  A hound (D:2)
  2 adders (D:3)
  A dart slug (D:1)
  A leopard gecko (D:3)
  An orc (D:3)
  2 ball pythons
  9 bats
  3 giant cockroaches (D:1)
  9 hobgoblins
  3 jackals (D:2)
  2 frilled lizards
  8 goblins
  10 kobolds
  5 rats
58 creatures vanquished.

Notes
Turn   | Place    | Note
-------+----------+-------------------------------------------
     0 | D:1      | AmazingTV the Minotaur Fighter began the quest for the Orb.
     0 | D:1      | Reached XP level 1. HP: 19/19 MP: 0/0
    99 | D:1      | Reached XP level 2. HP: 23/27 MP: 1/1
   476 | D:1      | Reached skill level 1 in Dodging
   785 | D:1      | Reached XP level 3. HP: 33/33 MP: 2/2
   953 | D:2      | Found an iron altar of Okawaru.
  1184 | D:2      | Became a worshipper of Warmaster Okawaru
  1221 | D:2      | Reached XP level 4. HP: 40/40 MP: 3/3
  1660 | D:3      | Found a snail-covered altar of Cheibriados.
  1810 | D:3      | Found a runed translucent door.
  1811 | D:3      | Noticed Crazy Yiuf
  1820 | D:3      | Killed Crazy Yiuf
  2433 | D:4      | Found a hide-covered altar of Uskayaw.
  2433 | D:4      | Noticed an ogre
  2443 | D:3      | Reached XP level 5. HP: 37/47 MP: 4/4
  2446 | D:3      | Slain by an ogre

Illustrated notes

Levels and vault maps discovered:
D:1:      wander_arrival_fairy_ring, layout_basic, chequers_avenue
D:2:      layout_basic, lemuel_crystal_altar
D:3:      layout_basic, cheibriados_altar_1, uniq_crazy_yiuf_cottage
D:4:      layout_rooms, general_overflow_altar, temple_green

Skill      XL: |  1  2  3  4 |
---------------+-------------+-----
Dodging        | 1 2 |  2.1
Shields        | 4 |  4.4
Fighting       | 4 |  4.4
Armour         | 4 |  4.4
Long Blades    | 3 |  3.5

Action                   |  1- 3 |  4- 6 || total
-------------------------+-------+-------++-------
Melee: Long sword        |    90 |    59 ||   149
       Headbutt          |    14 |     4 ||    18
Armor: Scale mail        |    41 |    40 ||    81
Dodge: Dodged            |    29 |    30 ||    59
Block: Kite shield       |    63 |    34 ||    97
       Rpst.: Long sword |     7 |     9 ||    16
